 Dungeon Crawl Stone Soup version 0.26-a0-812-g31a745ddcd (webtiles) character file.

Game seed: 14322467151880413296

42 kae the Ruffian (level 3, -3/28 HPs)
             Began as a Draconian Transmuter on Dec 4, 2020.
             Slain by a goblin
             ... wielding a +0 club
              (5 damage)
             ... on level 1 of the Dungeon.
             The game lasted 00:00:36 (1392 turns).

kae the Ruffian (Draconian Transmuter)              Turns: 1392, Time: 00:00:37

Health: -3/28      AC:  5    Str: 13    XL:     3   Next: 35%
Magic:  4/5        EV: 12    Int: 11    God:
Gold:   52         SH:  0    Dex: 11    Spells: 2/6 levels left

rFire    . . .     SeeInvis .     - Unarmed
rCold    . . .     Faith    .   (no shield)
rNeg     . . .     Spirit   .   (armour unavailable)
rPois    .         Reflect  .   (helmet restricted)
rElec    .         Harm     .   i - scarf {repulsion}
rCorr    .         Rampage  .   (no gloves)
MR       .....                  (no boots)
Stlth    +.........             (no amulet)
HPRegen  0.09/turn              (no ring)
MPRegen  0.09/turn              (no ring)

@: repel missiles
A: unfitting armour, dopey 1, low mp 1, wild magic 1, cold-blooded, AC +5
a: no special abilities


You were on level 1 of the Dungeon.
You visited 1 branch of the dungeon, and saw 2 of its levels.

You collected 52 gold pieces.

Inventory:

Armour
 i - a scarf of repulsion (worn)
Jewellery
 j - a cursed amulet of inaccuracy {unknown}
 l - an uncursed ring of positive energy {unknown}
Scrolls
 d - a scroll of noise {unknown}
 e - 2 scrolls of magic mapping {unknown}
 f - 2 scrolls of amnesia {unknown}
 h - 3 scrolls of remove curse {unknown}
 k - a scroll of fog {unknown}
Potions
 b - a potion of magic {unknown}
 c - a potion of berserk rage {unknown}
 g - 2 potions of curing {unknown}


   Skills:
 + Level 1.6 Fighting
 + Level 2.0 Dodging
 * Level 3.5 Unarmed Combat
 + Level 2.2 Spellcasting
 * Level 2.6 Transmutations


You had 2 spell levels left.
You knew the following spells:

 Your Spells              Type           Power        Failure   Level
a - Beastly Appendage     Tmut           #.....       14%         1
b - Spider Form           Tmut/Pois      #.........   54%         3

Your spell library contained the following spells:

 Spells                   Type           Power        Failure   Level
 Wereblood                Tmut           #.......     21%         2
 Ice Form                 Ice/Tmut       #.......     90%         4
 Blade Hands              Tmut           #.........   97%         5


Dungeon Overview and Level Annotations

Branches:
Dungeon (2/15)

Altars:


Innate Abilities, Weirdness & Mutations

Your plain brown scales are hard. (AC +5)
You cannot fit into any form of body armour.
You are cold-blooded and may be slowed by cold attacks.
You are dopey. (Int -2)
Your magical capacity is low. (-10% MP)
Your spells are a little harder to cast, but a little more powerful.


Message History

The gnoll misses you.
You hit the gnoll.
You kill the gnoll!
The adder closely misses you. The goblin hits you but does no damage.
The gnoll misses you. The gnoll barely misses you.
The goblin hits you but does no damage. The gnoll hits you!
* * * LOW HITPOINT WARNING * * *
The adder closely misses you.
Items here: )) ††.
The gnoll closely misses you.
Your transformation has ended.
Your scarf of repulsion unmelds from your body.
You are surrounded by a repulsion field.
The goblin barely misses you. The adder bites you.
* * * LOW HITPOINT WARNING * * *
It was a potion of mutation.
You feel extremely strange.
You feel less energetic.
You feel stupid.
You feel less in control of your magic. The goblin hits you with a +0 club.
You die...

######........#.#.#....#.#
..............#.#.#.##.#.#
######...[....#.#........#
# #........#.#.#.##.###
######........#.#.#.##.#
##............#.#...##.#
##.....................#
##........##...##.###..#
##............Sg@...#..#
##....#...#..gg##.#.#..#
(..)......#....##......#
##....#...#)...#.......#
......#...#>...#..#.#..#
##....#...#....#..#....#
#........#....#..#.#..#####
#................###..#...#
#.............##........#.#


You could see 2 gnolls, an adder and a goblin.

Vanquished Creatures
  2 gnolls (D:1)
  An ooze (D:1)
  A dart slug (D:1)
  A ball python (D:1)
  2 goblins (D:1)
  4 hobgoblins (D:1)
  A quokka (D:1)
  A frilled lizard (D:1)
  2 kobolds (D:1)
  4 rats (D:1)
19 creatures vanquished.

Notes
Turn   | Place    | Note
-------+----------+-------------------------------------------
     0 | D:1      | kae the Draconian Transmuter began the quest for the Orb.
     0 | D:1      | Reached XP level 1. HP: 16/16 MP: 3/3
   264 | D:1      | Reached XP level 2. HP: 17/23 MP: 3/5
  1264 | D:1      | Reached XP level 3. HP: 22/28 MP: 4/6
  1376 | D:1      | Learned a level 3 spell: Spider Form
  1392 | D:1      | Gained mutation: Your magical capacity is low. (-10% MP)
                  | [potion of mutation]
  1392 | D:1      | Gained mutation: You are dopey. (Int -2) [potion of
                  | mutation]
  1392 | D:1      | Gained mutation: Your spells are a little harder to cast,
                  | but a little more powerful. [potion of mutation]
  1392 | D:1      | Slain by a goblin

Illustrated notes

Levels and vault maps discovered:
D:1:      wheals_arrival_linesprint, layout_basic, minmay_pentomino_q4
D:2:      layout_rooms, grunt_dithmenos_smoke, nicolae_overflow_hidden_temple,
          lemuel_crystal_altar

Skill      XL: |  1  2 |
---------------+-------+-----
Dodging        | 2 |  2.0
Fighting       | |  1.6
Unarmed Combat | |  3.5
Spellcasting   | |  2.2
Transmutations | |  2.6

Action                   || total
-------------------------++-------
Melee: Unarmed           ||    44
       Tailslap          ||     5
       Kick              ||     3
       Headbutt          ||     3
 Cast: Beastly Appendage ||    14
       Spider Form       ||     1
  Use: Potion            ||     1
Armor: Skin              ||    13
Dodge: Dodged            ||    53
       Repelled          ||     1

Table legend: (Time is in decaauts)
 A = Elapsed time spent in this place.
 B = Non-inter-level travel time spent in this place.
 C = Inter-level travel time spent in this place.
 D = Time resting spent in this place.
 E = Time spent auto-exploring this place.
 F = Levels seen in this place.
 G = Mean time per level.
                   A        B        C        D        E       F      G
               +--------+--------+--------+--------+--------+-----+--------+
         Total |   1390 |   1330 |     60 |    103 |   1068 |   2 |  695.0 |
       Dungeon |   1390 |   1330 |     60 |    103 |   1068 |   2 |  695.0 |
               +--------+--------+--------+--------+--------+-----+--------+

Top non-repeatable levels by time:
     D:1: 1385 daAuts
     D:2: 4 daAuts
